AoeStats
← zamithdaniel

Lombardia

509228786Analyzed
3v3 RM · 7d ago on Sep 26, 2026· 82m 56s· 6 players
Game mode
Random Map
Map size
Normal (6 player)
Population
200
Speed
Normal
Resources
Standard
Victory
Conquest
Starting age
Dark Age
Ending age
Imperial Age
RankedLock teamsTeams togetherTeam positionsShared explorationLock speedFull tech treeHidden civsTurbo modeCheats
Victory
Defeat
🇺🇸 Saxons · United States
996
+14
🇺🇸 Byzantines · United States
944
+16
🇺🇸 Danes · United States
857
+18
🇨🇴 Turks · Colombia
975
-18
🇨🇴 Britons · Colombia
916
-15
🇺🇸 Wei · United States
914
-15
bergiebird
3:10 Loom
10:52 Feudal Age
11:21 Horse Collar
11:29 Double-Bit Axe
12:23 Wheelbarrow
15:29 Gold Mining
18:41 Stone Mining
20:16 Town Watch
24:46 Castle Age
26:11 Hand Cart
26:10 Bow Saw
26:03 Heavy Plow
26:56 Gold Shaft Mining
26:59 Stone Shaft Mining
27:33 Scale Barding Armor
29:09 Tuntian
29:41 Chain Barding Armor
31:27 Forging
31:23 Husbandry
31:33 Bloodlines
33:00 Iron Casting
34:49 Fletching
35:31 Town Patrol
36:15 Light Cavalry
39:55 Imperial Age
41:27 Conscription
41:32 Ming Guang Armor
42:54 Blast Furnace
42:23 Man-at-Arms
42:28 Elite Tiger Cavalry
52:14 Hoardings
51:44 Bodkin Arrow
53:34 Devotion
54:02 Bracer
53:30 Hussar
56:11 Ballistics
55:47 Murder Holes
56:03 Masonry
57:52 Faith
58:58 Masonry
66:44 Caravan
67:29 Crop Rotation
68:22 Padded Archer Armor
69:30 Chemistry
73:51 Thumb Ring
75:24 Parthian Tactics
75:18 Leather Archer Armor
76:38 Ring Archer Armor
zamithdaniel
10:45 Feudal Age
14:37 Loom
15:49 Double-Bit Axe
15:47 Horse Collar
15:51 Man-at-Arms
24:02 Castle Age
22:50 Forging
24:01 Scale Barding Armor
29:17 Iron Casting
29:01 Gold Mining
30:58 Chain Barding Armor
35:52 Husbandry
42:29 Imperial Age
40:37 Padded Archer Armor
41:31 Bow Saw
42:41 Leather Archer Armor
43:35 Conscription
42:38 Elite Janissary
43:53 Ring Archer Armor
45:17 Heavy Plow
48:41 Fortified Wall
49:45 Artillery
55:00 Blast Furnace
54:36 Plate Barding Armor
Dovahkyn
10:43 Feudal Age
12:53 Man-at-Arms
20:32 Castle Age
19:18 Scale Mail Armor
20:32 Double-Bit Axe
20:29 Horse Collar
24:02 Forging
23:45 Fletching
23:56 Padded Archer Armor
24:52 Bodkin Arrow
28:17 Heavy Plow
28:32 Bow Saw
30:11 Wheelbarrow
30:36 Gold Mining
30:38 Stone Mining
31:31 Ballistics
30:59 Crossbowman
32:34 Leather Archer Armor
37:22 Town Watch
37:26 Loom
38:25 Fortified Wall
37:55 Treadmill Crane
41:02 Imperial Age
39:35 Yeomen
40:28 Hand Cart
41:08 Gold Shaft Mining
40:22 Elite Skirmisher
42:56 Chemistry
42:03 Siege Engineers
43:20 Bracer
44:15 Conscription
43:21 Heavy Scorpion
45:13 Ring Archer Armor
45:38 Elite Longbowman
54:25 Caravan
65:55 Light Cavalry
66:35 Husbandry
77:38 Forging
77:36 Scale Barding Armor
myaccnts117
12:48 Feudal Age
14:16 Double-Bit Axe
14:41 Horse Collar
19:11 Castle Age
19:58 Town Watch
20:21 Squires
20:06 Gambesons
21:18 Wheelbarrow
24:06 Stone Mining
25:12 Arson
26:32 Gold Mining
27:22 Scale Mail Armor
27:33 Forging
28:45 Arson
29:43 Hamask
31:35 Chain Mail Armor
32:05 Iron Casting
40:20 Imperial Age
39:54 Gold Shaft Mining
40:35 Elite Jomsviking
42:14 Plate Mail Armor
42:45 Blast Furnace
42:25 Conscription
Foul Sasquatch
10:27 Loom
12:13 Feudal Age
14:49 Double-Bit Axe
17:07 Castle Age
16:41 Horse Collar
18:54 Fletching
20:43 Crossbowman
22:29 Heavy Plow
25:37 Bodkin Arrow
27:33 Fervor
28:06 Scale Mail Armor
27:31 Elite Skirmisher
29:07 Bow Saw
29:37 Forging
30:35 Squires
31:02 Chain Mail Armor
31:43 Pikeman
33:59 Arson
34:53 Ballistics
36:05 Thumb Ring
36:11 Padded Archer Armor
37:53 Wheelbarrow
37:41 Gambesons
38:07 Gold Mining
41:08 Imperial Age
39:49 Sanctity
41:28 Iron Casting
41:09 Leather Archer Armor
42:08 Hand Cart
43:30 Chemistry
42:17 Halberdier
43:10 Elite Varangian Guard
44:56 Logistica
47:25 Conscription
48:41 Bracer
49:12 Ring Archer Armor
51:24 Fortified Wall
50:50 Arbalester
56:47 Two-Man Saw
57:11 Bombard Tower
64:05 Crop Rotation
64:09 Plate Mail Armor
66:29 Caravan
72:16 Greek Fire
80:49 Capped Ram
ImperatorX
8:10 Loom
9:56 Feudal Age
13:30 Man-at-Arms
17:20 Scale Mail Armor
20:40 Double-Bit Axe
25:00 Castle Age
23:21 Forging
22:58 Arson
23:21 Gold Mining
24:10 Horse Collar
32:20 Gold Shaft Mining
32:00 Bow Saw
36:49 Clerical Recruitment
38:27 Sanctity
38:53 Gold Shaft Mining
40:17 Chain Mail Armor
40:52 Gambesons
42:02 Squires
42:32 Stone Mining
43:36 Iron Casting
49:33 Imperial Age
48:08 Fletching
49:08 Wheelbarrow
48:18 Town Watch
51:00 Conscription
50:55 Capped Ram
51:49 Bodkin Arrow
52:49 Redemption
52:59 Block Printing
52:59 Siege Ram
55:35 Plate Mail Armor
59:39 Redemption
61:06 Elite Varangian Guard
66:22 Theocracy
66:15 Illumination
67:22 Bracer
74:47 Elite Hearth Troop
78:01 Two-Man Saw
77:19 Hand Cart
78:57 Ballistics
78:33 Murder Holes
Connection lost

Rejoining the realm…

Still unreachable

The connection could not be restored.

Session expired

The server has moved on; the page needs a fresh start.